 Dungeon Crawl Stone Soup version 0.28.0-53-g5a82cb258f (webtiles) character file.

Game seed: 9965085959013955926

5 Lodikai the Grave Robber (level 1, -2/13 HPs)
             Began as a Vampire Necromancer on June 9, 2022.
             Was an Initiate of Ashenzari.
             Slain by a hobgoblin (4 damage)
             ... on level 1 of the Dungeon.
             The game lasted 00:08:23 (279 turns).

Lodikai the Grave Robber (Vampire Necromancer)       Turns: 279, Time: 00:08:24

Health: -2/13      AC:  2    Str:  7    XL:     1   Next: 66%
Magic:  3/3        EV: 12    Int: 17    God:    Ashenzari [......]
Gold:   16         SH:  0    Dex: 14    Spells: 3/4 levels left

rFire   . . .      SeeInvis +   c - +0 dagger {fire}
rCold   . . .      Faith    .   (no shield)
rNeg    . . .      Spirit   .   b - +0 robe
rPois   .          Reflect  .   (no helmet)
rElec   .          Harm     .   (no cloak)
rCorr   .          Rampage  .   (no gloves)
Will    .....                   (no boots)
Stlth   ++........              (no amulet)
HPRegen 0.24/turn               (no ring)
MPRegen 0.08/turn               (no ring)

@: healing quickly
A: alive, fangs 3, see invisible, vampiric 1
a: Exsanguinate, Renounce Religion, Curse Item


You were on level 1 of the Dungeon.
You worshipped Ashenzari.
Ashenzari was noncommittal.
You visited 1 branch of the dungeon, and saw 1 of its levels.

You collected 16 gold pieces.

Inventory:

Hand Weapons
 c - a +0 dagger (weapon) {fire}
 e - a +0 club
Missiles
 d - 18 stones
Armour
 a - a +0 robe
 b - a +0 robe (worn)


   Skills:
 + Level 2.2 Dodging
 + Level 3.2 Stealth
 + Level 2.0 Spellcasting
 + Level 4.6 Necromancy


You had 3 spell levels left.
You knew the following spells:

 Your Spells              Type           Power      Damage    Failure   Level
a - Pain                  Necr           68%        1d7       3%          1

Your spell library contained the following spells:

 Spells                   Type           Power      Damage    Failure   Level
 Animate Skeleton         Necr           34%        N/A       3%          1
 Vampiric Draining        Necr           17%        2d7       9%          3
 Animate Dead             Necr           8%         N/A       28%         4
 Agony                    Necr           17%        N/A       63%         5


Dungeon Overview and Level Annotations

Branches:
Dungeon (1/15)

Altars:
Ashenzari


Innate Abilities, Weirdness & Mutations

Your natural rate of healing is accelerated.
You have razor-sharp teeth.
You have supernaturally acute eyesight. (SInv)
You are afflicted with vampirism.


Message History

You closely miss the goblin. Your bite misses the goblin.
The goblin is moderately wounded.
The goblin hits you but does no damage.
You hit the goblin.
The goblin is severely wounded.
The goblin hits you but does no damage.
You closely miss the goblin.
The goblin is severely wounded.
The goblin hits you with a +0 club.
You miss the goblin. You bite the goblin.
You kill the goblin!
You see here a +0 club.
e - a +0 club A hobgoblin comes into view.
The hobgoblin shouts!
Unknown command.
Hit: c) +0 dagger {fire}
Press: ? - help, Dir - move target You swing at nothing.
You closely miss the hobgoblin. You hit the hobgoblin.
The hobgoblin is heavily wounded.
The hobgoblin hits you.
You hit the hobgoblin but do no damage.
The hobgoblin is heavily wounded.
The hobgoblin hits you.
You hit the hobgoblin but do no damage. Your bite misses the hobgoblin.
The hobgoblin is heavily wounded.
The hobgoblin hits you.
The endoplasm hits the plant.
The plant begins to die.
You closely miss the hobgoblin.
The hobgoblin is heavily wounded.
The hobgoblin hits you.
* * * LOW HITPOINT WARNING * * *
The endoplasm splashes around in the water.
You closely miss the hobgoblin. You bite the hobgoblin.
The hobgoblin is almost dead.
The hobgoblin hits you.
You die...

######.# ♣♣♣PP≈#...# #.#
♣PP.P#.### #.# ♣≈≈♣PJ##.#
#.# P≈≈≈♣PP≈P....#
#.########≈.≈P≈≈♣≈≈.≈PP.(#
#.........# #≈PPP♣≈≈≈P.≈..#
#######.#.##...PPPP≈♣≈≈PP.#
#...#........≈.P PP≈..#
#.#####@g..#...P ≈P≈P.#
#...#...#.####.. P≈≈P.#
###.#.....# #...##### #####


You could see an endoplasm and a hobgoblin.

Vanquished Creatures
  2 ball pythons (D:1)
  A goblin (D:1)
  A bat (D:1)
  A frilled lizard (D:1)
5 creatures vanquished.

Vanquished Creatures (others)
  A plant (D:1)
1 creature vanquished.

Grand Total: 6 creatures vanquished

Notes
Turn   | Place    | Note
-------+----------+-------------------------------------------
     0 | D:1      | Lodikai the Vampire Necromancer began the quest for the
                  | Orb.
     0 | D:1      | Reached XP level 1. HP: 13/13 MP: 3/3
   182 | D:1      | Found a faded altar of an unknown god.
   189 | D:1      | Prayed at the altar of an unknown god.
   189 | D:1      | Became a worshipper of Ashenzari the Shackled
   279 | D:1      | Slain by a hobgoblin

Illustrated notes

Levels and vault maps discovered:
D:1:      erik_arrival_blinker_ship, layout_loops_cross,
          shapermc_ecumenical_altar_notcrosses, corexii_item_surrounded_by_moat,
          serial_bayou_lagoon_a, kennysheep_crisscross

Action                   || total
-------------------------++-------
Melee: Dagger            ||    21
       Unarmed           ||    21
       Bite              ||     6
  Use: Scroll            ||     1
Armor: Robe              ||    21
Dodge: Dodged            ||    40
